 Dungeon Crawl Stone Soup version 0.27-a0-1196-g3e9cee4cb2 (webtiles) character file.

Game seed: 100359656160677441

497 Morbidden the Grave Robber (level 6, -1/43 (52) HPs)
             Began as a Deep Dwarf Necromancer on May 29, 2021.
             Slain by Edmund
             ... wielding a +4 flail of draining
              (11 damage)
             ... on level 5 of the Dungeon.
             The game lasted 00:07:56 (4842 turns).

Morbidden the Grave Robber (Deep Dwarf Necromancer) Turns: 4842, Time: 00:07:56

HP:   -1/43 (52)    AC:  5    Str: 17    XL:     6   Next: 93%
MP:   3/12          EV: 27    Int: 18    God:
Gold: 184           SH:  0    Dex: 13    Spells: 9/13 levels left

rFire    . . .     SeeInvis .   a - +2 dagger (elec)
rCold    + . .     Faith    .   (no shield)
rNeg     . . .     Spirit   .   k - +1 leather armour {rC+}
rPois    .         Reflect  .   n - +0 helmet
rElec    .         Harm     .   (no cloak)
rCorr    .         Rampage  .   (no gloves)
Will     .....                  (no boots)
Stlth    ++........             f - amulet of the acrobat
HPRegen  0.00/turn              i - +6 ring of strength
MPRegen  0.13/turn              (no ring)

@: acrobatic, heavily drained
A: damage resistance, heal wounds, sense surroundings 1, no regeneration
a: Heal Wounds


You were on level 5 of the Dungeon.
You visited 1 branch of the dungeon, and saw 5 of its levels.

You collected 184 gold pieces.

Inventory:

Hand Weapons
 a - a +2 dagger of electrocution (weapon)
Missiles
 d - 13 poisoned darts (quivered)
 j - 2 boomerangs
 m - 6 javelins
Armour
 k - a +1 leather armour of cold resistance (worn)
 n - a +0 helmet (worn)
Jewellery
 f - an amulet of the acrobat (around neck)
 i - a +6 ring of strength (left hand)
Wands
 s - a wand of iceblast (3)
Scrolls
 b - 2 scrolls of teleportation {unknown}
 e - 2 scrolls of enchant weapon {unknown}
 l - a scroll of brand weapon {unknown}
 p - a scroll of blinking {unknown}
 q - a scroll of immolation {unknown}
 r - a scroll of identify {unknown}
Potions
 c - a potion of curing {unknown}
 g - a potion of haste {unknown}
 h - a potion of degeneration {unknown}
 o - a potion of magic {unknown}
 t - a potion of invisibility {unknown}


   Skills:
 * Level 1.9 Fighting
 * Level 1.4 Short Blades
 + Level 0.2 Throwing
 + Level 1.3 Armour
 + Level 2.4 Dodging
 + Level 3.1 Stealth
 + Level 0.6 Unarmed Combat
 * Level 4.0 Spellcasting
 * Level 6.2 Necromancy


You had 9 spell levels left.
You knew the following spells:

 Your Spells              Type           Power      Damage    Failure   Level
a - Pain                  Necr           100%       1d9       1%          1
b - Vampiric Draining     Necr           12%        2d7       4%          3

Your spell library contained the following spells:

 Spells                   Type           Power      Damage    Failure   Level
 Animate Skeleton         Necr           50%        N/A       1%          1
 Animate Dead             Necr           12%        N/A       14%         4
 Beastly Appendage        Tmut           6%         N/A       17%         1
 Foxfire                  Conj/Fire      12%        2x1d4     17%         1
 Wereblood                Tmut           3%         N/A       26%         2
 Agony                    Necr           25%        N/A       36%         5
 Conjure Flame            Conj/Fire      3%         6-21      45%         3
 Inner Flame              Hex/Fire       3%         N/A       45%         3
 Spider Form              Tmut/Pois      1%         N/A       45%         3
 Ice Form                 Ice/Tmut       3%         N/A       86%         4
 Sticky Flame             Conj/Fire      3%         2d3       86%         4
 Fireball                 Conj/Fire      1%         3d3       99%         5
 Hydra Form               Tmut           1%         N/A       99%         5


Dungeon Overview and Level Annotations

Branches:
Dungeon (5/15)
 Temple: D:4-7

Altars:

Annotations:
D:3 exclusion: wight
D:5 Edmund


Innate Abilities, Weirdness & Mutations

You are resistant to damage.
You can heal yourself by infusing magical energy.
You passively map a small area around you.
You do not regenerate.


Message History

Unknown command.
Edmund closely misses you.
Edmund grinds his teeth, and then sighs.
Casting: Vampiric Draining (dangerous; 4% risk of failure)
Confirm with . or Enter, or press ? or * to list all spells.
Aiming: Vampiric Draining (dangerous; 4% risk of failure)
Press: ? - help, Shift-Dir - straight line, f/p - Edmund
Aim: Edmund, wielding a +4 flail of draining and wearing a +0 scale mail of positive energy (moderately wounded)
You draw life force from Edmund.
You feel life coursing into your body. Edmund misses you.
Unknown command.
Okay, then.
Throw: 16 darts (poison)
Press: ? - help, Q - select action, (/) - cycle Shift-Dir - straight line, f/p - Edmund
Aim: Edmund, wielding a +4 flail of draining and wearing a +0 scale mail of positive energy (heavily wounded, 60% to hit)
You throw a poisoned dart. The poisoned dart hits Edmund.
Edmund is poisoned.
Edmund is heavily wounded.
Edmund hits you with a +4 flail of draining.
You feel drained.
Throw: 15 darts (poison)
Press: ? - help, Q - select action, (/) - cycle Shift-Dir - straight line, f/p - Edmund
Aim: Edmund, wielding a +4 flail of draining and wearing a +0 scale mail of positive energy (heavily wounded, poisoned, 60% to hit)
You throw a poisoned dart.
The poisoned dart closely misses Edmund.
Edmund hits you with a +4 flail of draining!
You feel drained.
Edmund looks more healthy.
Throw: 14 darts (poison)
Press: ? - help, Q - select action, (/) - cycle Shift-Dir - straight line, f/p - Edmund
Aim: Edmund, wielding a +4 flail of draining and wearing a +0 scale mail of positive energy (heavily wounded, 60% to hit)
You throw a poisoned dart. The poisoned dart barely misses Edmund.
Edmund hits you with a +4 flail of draining!
* * * LOW HITPOINT WARNING * * *
You feel drained.
* * * LOW HITPOINT WARNING * * *
A gnoll comes into view. It is wielding a +0 club.
A gnoll comes into view. It is wielding a +0 flail.
Edmund says, "People will remember me!
They'll remember me and die!"
Edmund hits you with a +4 flail of draining!
You die...

......... #..... , *
#...###* * * *#...##
###..### , ####
###..### .#. *
.....#####...### ....
* ,
...............##..# ,
,,,.......@..........#
).......@........#*
.g...............#
.................# ,
..g..............#
.................#
.................#
........###......# , ,
......* #####..#


You could see Edmund and 2 gnolls.

Vanquished Creatures
  A necrophage (D:5)
  2 scorpions (D:4)
  2 orc priests (D:2)
  A scorpion zombie (D:5)
  3 orc wizards (D:4)
  2 hound skeletons (D:4)
  An adder (D:1)
  An ufetubus (D:3)
  An adder skeleton (D:4)
  A worm (D:2)
  3 dart slugs
  5 orcs
  10 ball pythons
  9 endoplasms
  5 giant cockroaches
  3 goblins
  3 hobgoblins
  6 jackals
  7 kobolds
  4 quokkas
  2 bats
  6 frilled lizards
  4 rats
82 creatures vanquished.

Vanquished Creatures (others)
  An orc wizard (D:4)
1 creature vanquished.

Grand Total: 83 creatures vanquished

Notes
Turn   | Place    | Note
-------+----------+-------------------------------------------
     0 | D:1      | Morbidden the Deep Dwarf Necromancer began the quest for
                  | the Orb.
     0 | D:1      | Reached XP level 1. HP: 15/15 MP: 3/3
   299 | D:1      | Reached XP level 2. HP: 22/22 MP: 0/4
  1024 | D:1      | Reached XP level 3. HP: 30/30 MP: 4/6
  1028 | D:1      | Learned a level 3 spell: Vampiric Draining
  1095 | D:1      | Reached skill level 5 in Necromancy
  2090 | D:2      | Reached XP level 4. HP: 37/37 MP: 0/8
  2393 | D:2      | Found a faded altar of an unknown god.
  2988 | D:3      | Reached XP level 5. HP: 39/43 MP: 9/9
  3681 | D:4      | Reached skill level 1 in Fighting
  4089 | D:4      | Reached skill level 1 in Short Blades
  4089 | D:4      | Reached XP level 6. HP: 51/51 MP: 1/11
  4691 | D:5      | Entered Level 5 of the Dungeon
  4720 | D:5      | Reached skill level 1 in Armour
  4720 | D:5      | Reached skill level 6 in Necromancy
  4795 | D:5      | Noticed Edmund
  4842 | D:5      | Slain by Edmund

Illustrated notes

Levels and vault maps discovered:
D:1:      lemuel_arrival_tunnels, layout_basic
D:2:      layout_basic, hellmonk_ecumenical_altar_leap_of_faith
D:3:      layout_basic, grunt_ministairs_11
D:4:      layout_cave_pods, minmay_a_box_with_orc_wizards_in_it
D:5:      layout_cave_pods, lemuel_crystal_altar, uniq_edmund,
          uniq_blork_the_orc

Skill      XL: |  1  2  3  4  5  6 |
---------------+-------------------+-----
Spellcasting   | 2 3 4 |  4.0
Necromancy     | 5 6 |  6.2
Fighting       | 1 |  1.9
Short Blades   | 1 |  1.4
Stealth        | 3 |  3.1
Armour         | 1 |  1.3
Throwing       | |  0.2
Dodging        | |  2.4
Unarmed Combat | |  0.6

Action                   |  1- 3 |  4- 6 || total
-------------------------+-------+-------++-------
Melee: Unarmed           |    11 |       ||    11
       Dagger            |       |    86 ||    86
Throw: Dart              |    25 |    18 ||    43
 Cast: Pain              |    60 |    15 ||    75
       Vampiric Draining |     2 |    21 ||    23
 Stab: Sleeping          |       |     4 ||     4
Armor: Robe              |     4 |     3 ||     7
       Leather armour    |       |    15 ||    15
Dodge: Dodged            |    16 |    67 ||    83

Table legend: (Time is in decaauts)
 A = Elapsed time spent in this place.
 B = Non-inter-level travel time spent in this place.
 C = Inter-level travel time spent in this place.
 D = Time resting spent in this place.
 E = Time spent auto-exploring this place.
 F = Levels seen in this place.
 G = Mean time per level.
                   A        B        C        D        E       F      G
               +--------+--------+--------+--------+--------+-----+--------+
         Total |   4837 |   4690 |    147 |    262 |   3792 |   5 |  967.4 |
       Dungeon |   4837 |   4690 |    147 |    262 |   3792 |   5 |  967.4 |
               +--------+--------+--------+--------+--------+-----+--------+

Top non-repeatable levels by time:
     D:2: 1590 daAuts
     D:1: 1268 daAuts
     D:4: 1019 daAuts
     D:3: 809 daAuts
     D:5: 149 daAuts
